 Dungeon Crawl Stone Soup version 0.30-a0-341-g682706514a (webtiles) character file.

Game seed: 10395772145408577582

135 Engwar the Ruffian (level 4, -6/45 HPs)
             Began as a Troll Fighter on Nov 2, 2022.
             Mangled by a worm (9 damage)
             ... on level 4 of the Dungeon.
             The game lasted 00:03:50 (2323 turns).

Engwar the Ruffian (Troll Fighter)                  Turns: 2323, Time: 00:03:51

Health: -6/45      AC:  4    Str: 24    XL:     4   Next: 97%
Magic:  3/3        EV:  9    Int:  6    God:
Gold:   134        SH:  0    Dex: 15    Spells: 3/3 levels left

rFire   . . .      SeeInvis .      - Unarmed
rCold   . . .      Faith    .    b - +0 kite shield
rNeg    . . .      Spirit   .    a - +0 robe
rPois   .          Reflect  .    (helmet restricted)
rElec   .          Harm     .    (no cloak)
rCorr   .          Rampage  .    (gloves unavailable)
Will    .....                    (boots unavailable)
Stlth   +.........               (no amulet)
HPRegen 1.07/turn                i - +6 ring of dexterity
MPRegen 0.08/turn                (no ring)

@: confused
A: large, unfitting armour, claws 3, regeneration 1, shaggy fur 1, tough skin 1
a: no special abilities


You were on level 4 of the Dungeon.
You visited 1 branch of the dungeon, and saw 4 of its levels.

You collected 134 gold pieces.

Inventory:

Missiles
 e - 11 curare-tipped darts (quivered)
Armour
 a - a +0 robe (worn)
 b - a +0 kite shield (worn)
Jewellery
 i - a +6 ring of dexterity (left claw)
Scrolls
 g - a scroll of fear
 h - a scroll of poison
 k - 3 scrolls of identify
Potions
 c - a potion of might
 d - 2 potions of lignification
 f - 3 potions of cancellation
 m - a potion of brilliance


   Skills:
 + Level 3.1 Fighting
 - Level 2.4 Dodging
 + Level 3.4 Shields
 * Level 3.9 Unarmed Combat


You had 3 spell levels left.
You didn't know any spells.
Your spell library contained the following spells:

 Spells                   Type           Power      Damage    Failure   Level
 Necrotise                Necr           0%         1d4       75%         1
 Cigotuvi's Dreadful Rot  Necr/Pois/Air  0%         N/A       87%         2
 Poisonous Vapours        Pois/Air       0%         N/A       87%         2
 Gell's Gravitas          Tloc           0%         N/A       98%         3
 Lesser Beckoning         Tloc           0%         N/A       98%         3
 Mephitic Cloud           Conj/Pois/Air  0%         N/A       98%         3
 Teleport Other           Tloc           0%         N/A       98%         3
 Vampiric Draining        Necr           0%         2d6       98%         3
 Agony                    Necr           0%         N/A       100%        5


Dungeon Overview and Level Annotations

Branches:
Dungeon (4/15)
 Temple: D:4-7

Altars:
The Shining One


Innate Abilities, Weirdness & Mutations

You are too large for most types of armour.
You have claws for hands.
Your natural rate of healing is unusually fast.
You are covered in fur. (AC +1)
You have tough skin. (AC +1)


Message History

The jelly hits you.
You are splashed with acid!
You block the orc wizard's attack.
You scratch the jelly.
Your claws burn!
The jelly is almost dead.
The jelly hits you. The acid corrodes you!
You are splashed with acid!
You block the orc wizard's attack.
You claw the jelly!
You kill the jelly!
The orc wizard hits you with a +0 dagger.
The orc wizard hits you with a +0 dagger.
You barely miss the orc wizard. The orc wizard misses you.
You closely miss the orc wizard. The orc wizard barely misses you.
You completely miss the orc wizard. You block the orc wizard's attack.
You scratch the orc wizard.
The orc wizard is lightly wounded.
The orc wizard hits you with a +0 dagger.
You scratch the orc wizard.
The orc wizard is moderately wounded.
The orc wizard barely misses you.
You scratch the orc wizard.
The orc wizard is heavily wounded.
The orc wizard gestures wildly while chanting.
The orc wizard flickers and vanishes!
Deactivating autopickup; reactivate with Ctrl-A.
The worm closely misses you.
You barely miss something. Something hits you.
You closely miss something. Something hits you. The worm barely misses you.
You barely miss something. You block something's attack. The worm bites you!
* * * LOW HITPOINT WARNING * * *
You scratch something.
You hear some strange, mumbled words.
You are confused.
Something hits you.
* * * LOW HITPOINT WARNING * * *
Okay, then.
You claw the worm!
The worm is heavily wounded.
You are no longer corroded.
The worm bites you!
You die...

.. .### #...
# ##+#### ...
#.#.....##.#
#.......#..#
#....@{.#
#....)w###
##+#....[#
#.#.#.#
#.#.#.#
#.#.#.#+#####
#...#<.......
#..##.......#
.## ##.....##


You could see a worm.

Vanquished Creatures
  A jelly (D:4)
  3 adders
  2 worms (D:2)
  2 dart slugs
  6 orcs
  4 ball pythons
  11 bats
  An endoplasm (D:2)
  2 giant cockroaches (D:1)
  8 goblins
  5 hobgoblins
  4 jackals (D:3)
  4 kobolds
  3 quokkas
  3 rats (D:2)
59 creatures vanquished.

Notes
Turn   | Place    | Note
-------+----------+-------------------------------------------
     0 | D:1      | Engwar the Troll Fighter began the quest for the Orb.
     0 | D:1      | Reached XP level 1. HP: 22/22 MP: 0/0
   139 | D:1      | Reached XP level 2. HP: 29/29 MP: 1/1
   713 | D:1      | Reached XP level 3. HP: 36/36 MP: 2/2
  1463 | D:2      | Reached XP level 4. HP: 44/44 MP: 3/3
  1466 | D:2      | Found a faded altar of an unknown god.
  1987 | D:3      | Found a glowing golden altar of the Shining One.
  2322 | D:4      | HP: 2/45 [something (4)]
  2323 | D:4      | Mangled by a worm

Illustrated notes

Levels and vault maps discovered:
D:1:      saegor_arrival_simple_a, layout_basic, serial_glass, glass_columns_b,
          glass_columns_b, chequers_serial_rivers_micro_c,
          chequers_serial_rivers_marsh
D:2:      layout_loops_ring, chequers_ecumenical_altar_twisty
D:3:      layout_loops_cross, lemuel_crystal_altar
D:4:      layout_basic, grunt_gozag_breadcrumbs, tgw_xom,
          serial_co_window_serial, co_window_paths_a,
          co_window_of_opportunity_a, co_window_of_opportunity_a,
          co_window_corner_a, co_window_paths_a, co_window_corner_a,
          co_window_of_opportunity_a, co_window_corner_a, co_window_paths_a,
          co_window_corner_b, co_window_unsneaky_path_b, co_window_cross_2,
          glass_columns_c, glass_columns_b, hangedman_decor_riveting

Skill      XL: |  1  2  3  4 |
---------------+-------------+-----
Shields        | 3 |  3.4
Unarmed Combat | 3 |  3.9
Fighting       | 3 |  3.1
Dodging        | |  2.4

Action                   |  1- 3 |  4- 6 || total
-------------------------+-------+-------++-------
Melee: Unarmed           |    96 |    56 ||   152
  Use: Scroll            |       |    12 ||    12
 Stab: Sleeping          |     2 |     1 ||     3
Armor: Robe              |    43 |     7 ||    50
Dodge: Dodged            |    33 |    19 ||    52
Block: Kite shield       |    38 |    14 ||    52

Table legend: (Time is in decaauts)
 A = Elapsed time spent in this place.
 B = Non-inter-level travel time spent in this place.
 C = Inter-level travel time spent in this place.
 D = Time resting spent in this place.
 E = Time spent auto-exploring this place.
 F = Levels seen in this place.
 G = Mean time per level.
                   A        B        C        D        E       F      G
               +--------+--------+--------+--------+--------+-----+--------+
         Total |   2335 |   2236 |     99 |    139 |   1672 |   4 |  583.8 |
       Dungeon |   2335 |   2236 |     99 |    139 |   1672 |   4 |  583.8 |
               +--------+--------+--------+--------+--------+-----+--------+

Top non-repeatable levels by time:
     D:1: 938 daAuts
     D:3: 751 daAuts
     D:2: 603 daAuts
     D:4: 41 daAuts
